Map: Jagannatha LE

Players

Lambo - Winner!

  • Race: Zerg Zerg
  • League: Grandmaster

LiquidMaNa (MaNa)

  • Race: Protoss Protoss
  • League: Grandmaster

Event: DreamHack SC2 Masters 2021 Summer

VOD

Have the link to the VOD?

Description

Time

  • Played on: May 29, 2021, 1:13 p.m.
  • Length: 10:35

All games in this series

Show
View Real Time Build Order
Export as new Build Order

Lambo Zerg - Winner!

Build Orders: Hatch First 

Get SALT Encoding   

  12  0:00  Drone  
  13  0:12  Overlord  
  13  0:17  Drone  
  14  0:31  Drone x2  
  16  0:41  Drone  
  17  0:52  Hatchery  
  17  0:54  Drone  
  17  0:58  Drone  
  18  1:09  Extractor  
  17  1:13  Spawning Pool  
  17  1:16  Drone  
  17  1:19  Drone  
  18  1:28  Drone  
  19  1:38  Drone  
  20  1:51  Overlord  
  20  1:59  Queen  
  22  2:04  Queen  
  22  2:05  Drone, Zergling x2  
  26  2:09  Metabolic Boost  
  26  2:12  Zergling x2  
  26  2:14  Drone  
  28  2:21  Drone  
  29  2:25  Drone  
  30  2:33  Drone  
  31  2:41  Hatchery  
  31  2:43  Drone  
  31  2:45  Overlord  
  31  2:49  Drone  
  32  2:56  Queen  
  34  3:06  Zergling x2  
  34  3:07  Zergling x2  
  34  3:09  Drone  
  34  3:12  Zergling x2  
  38  3:13  Drone  
  38  3:14  Overlord  
  38  3:16  Queen  
  38  3:18  Zergling x2  
  41  3:28  Drone  
  41  3:29  Overlord  
  41  3:33  Drone x2  
  43  3:35  Drone x2  
  43  3:40  Drone  
  45  3:45  Queen  
  46  3:52  Drone x4  
  50  3:57  Queen  
  52  4:04  Drone x2  
  52  4:09  Overlord  
  54  4:11  Spore Crawler  
  54  4:13  Drone x3  
  54  4:16  Drone  
  55  4:18  Drone x2  
  55  4:21  Spore Crawler  
  55  4:23  Drone  
  57  4:25  Drone  
  57  4:26  Drone  
  57  4:29  Drone x2  
  61  4:33  Drone x2  
  61  4:36  Drone x3  
  66  4:42  Drone, Roach Warren  
  66  4:45  Extractor  
  65  4:47  Extractor, Spore Crawler  
  65  4:48  Overlord  
  65  4:50  Drone  
  65  4:52  Drone  
  65  4:54  Drone  
  65  4:58  Lair  
  66  5:01  Overlord  
  66  5:06  Zergling x4  
  66  5:07  Zergling x2  
  69  5:08  Drone x4  
  69  5:10  Drone  
  74  5:20  Drone x2  
  76  5:25  Drone x2  
  76  5:27  Extractor x2  
  76  5:28  Zergling x4  
  78  5:29  Extractor  
  78  5:30  Zergling x2  
  78  5:32  Drone x3  
  78  5:34  Drone  
  81  5:36  Drone  
  81  5:37  Hatchery  
  81  5:40  Drone  
  81  5:42  Evolution Chamber  
  80  5:43  Overlord  
  80  5:46  Drone  
  81  5:57  Overlord  
  81  5:58  Overlord, Glial Reconstitution  
  81  5:59  Spire  
  81  6:00  Overlord  
  81  6:02  Overlord  
  81  6:03  Drone x6  
  86  6:05  Drone x2  
  88  6:14  Drone  
  88  6:16  Drone x6  
  95  6:19  Drone  
  95  6:23  Drone  
  97  6:26  Zerg Melee Weapons Level 1  
  97  6:27  Drone  
  98  6:33  Drone x5  
  98  6:36  Overlord  
  102  6:41  Drone  
  102  6:42  Extractor  
  102  6:44  Roach x2  
  102  6:45  Roach  
  108  6:48  Overseer  
  108  6:54  Queen  
  108  6:55  Spore Crawler  
  108  6:56  Overlord, Roach x3  
  108  6:59  Overlord  
  115  7:03  Drone x3  
  115  7:06  Drone  
  115  7:07  Drone  
  115  7:08  Overlord  
  119  7:11  Zergling x12  
  119  7:14  Hatchery  
  124  7:18  Corruptor x2  
  124  7:19  Infestation Pit  
  124  7:22  Corruptor x2  
  124  7:27  Corruptor  
  130  7:33  Drone  
  130  7:34  Drone x2, Evolution Chamber, Corruptor x2  
  136  7:47  Drone  
  136  7:48  Corruptor  
  136  7:49  Corruptor x2  
  136  7:50  Zergling x2  
  136  7:51  Zergling x16  
  152  7:57  Overlord x2  
  152  7:58  Hive  
  152  7:59  Overlord  
  152  8:01  Overlord  
  152  8:03  Overlord  
  152  8:06  Overlord  
  152  8:09  Zerg Ground Armor Level 1  
  152  8:13  Extractor, Overlord  
  152  8:16  Corruptor x2  
  152  8:19  Drone x2, Corruptor  
  159  8:26  Corruptor  
  159  8:27  Corruptor x2  
  158  8:30  Drone x4  
  168  8:34  Corruptor  
  168  8:39  Corruptor x2  
  174  8:42  Zergling x2  
  174  8:43  Zergling x8  
  179  8:52  Spire  
  178  8:57  Drone x11  
  178  8:59  Spore Crawler  
  188  9:08  Zergling x24  
  194  9:23  Ultralisk Cavern  
  189  9:25  Zergling x2  
  189  9:26  Zergling x14  
  197  9:32  Ravager x3  
  197  9:37  Extractor, Baneling Nest  
  197  9:38  Extractor  
  197  9:43  Overlord  
  197  9:49  Hatchery  
  194  9:55  Zergling x16  
  194  9:59  Zergling x8  
  199  10:04  Zergling x14  
  193  10:07  Zergling x12  
  193  10:13  Roach x2  
  193  10:14  Zergling x8  
  197  10:17  Zergling x2  
Show
View Real Time Build Order
Export as new Build Order

LiquidMaNa Protoss 

Build Orders: 1 Gate Expand, Oracle Opening 

Get SALT Encoding   

  12  0:00  Probe  
  13  0:12  Probe  
  14  0:20  Pylon  
  14  0:24  Probe  
  15  0:38  Probe (Chrono Boost)  
  15  0:42  Gateway  
  16  0:47  Probe (Chrono Boost)  
  17  0:51  Assimilator  
  17  0:52  Probe (Chrono Boost)  
  18  1:04  Probe (Chrono Boost)  
  19  1:13  Probe (Chrono Boost)  
  20  1:19  Probe  
  21  1:30  Nexus  
  21  1:41  Cybernetics Core  
  21  1:45  Assimilator  
  21  1:48  Probe  
  22  1:56  Pylon  
  22  2:00  Probe  
  23  2:14  Probe, Adept (Chrono Boost)  
  24  2:21  Stargate  
  26  2:25  Warp Gate  
  26  2:26  Probe  
  27  2:36  Adept (Chrono Boost)  
  27  2:39  Probe  
  27  2:42  Probe  
  31  2:51  Probe  
  31  2:54  Probe  
  31  2:57  Adept  
  33  3:02  Oracle (Chrono Boost)  
  33  3:03  Probe  
  39  3:06  Probe  
  39  3:10  Pylon  
  40  3:15  Probe  
  40  3:18  Probe  
  42  3:28  Probe  
  42  3:30  Probe  
  42  3:31  Gateway  
  44  3:35  Oracle  
  47  3:42  Probe  
  47  3:45  Probe  
  47  3:47  Assimilator x2  
  45  3:54  Probe  
  46  3:56  Pylon  
  46  3:57  Probe  
  47  4:06  Probe  
  47  4:09  Probe  
  49  4:14  Stalker  
  51  4:17  Oracle  
  51  4:18  Probe  
  51  4:21  Probe  
  56  4:26  Pylon  
  56  4:27  Adept  
  56  4:31  Probe  
  59  4:33  Probe  
  59  4:36  Robotics Facility  
  60  4:43  Probe  
  61  4:45  Probe  
  61  4:46  Nexus  
  61  4:52  Stargate  
  62  4:56  Probe  
  62  4:58  Probe  
  64  5:00  Adept x2  
  64  5:06  Pylon  
  68  5:09  Probe  
  68  5:10  Probe  
  70  5:23  Phoenix, Robotics Bay  
  70  5:24  Forge  
  70  5:26  Probe  
  70  5:27  Shield Battery  
  73  5:32  Probe  
  74  5:38  Probe, Immortal  
  75  5:44  Probe  
  76  5:50  Phoenix  
  76  5:54  Pylon  
  78  5:57  Probe x2, Phoenix  
  78  6:02  Sentry x2  
  86  6:05  Assimilator  
  86  6:07  Probe  
  86  6:08  Assimilator  
  86  6:09  Probe  
  86  6:10  Probe  
  89  6:17  Observer (Chrono Boost), Phoenix  
  92  6:19  Probe  
  92  6:21  Probe  
  92  6:22  Phoenix  
  92  6:25  Zealot  
  98  6:31  Probe, Assimilator  
  99  6:35  Probe  
  100  6:44  Probe  
  101  6:50  Pylon  
  101  6:53  Fleet Beacon  
  101  6:57  Pylon x2  
  101  7:03  Photon Cannon  
  101  7:05  Disruptor (Chrono Boost)  
  101  7:08  Probe, Gateway  
  101  7:09  Probe, Gateway  
  106  7:21  Probe x2, Protoss Air Weapons Level 1 (Chrono Boost)  
  108  7:31  Carrier x2 (Chrono Boost)  
  108  7:33  Shield Battery  
  108  7:34  Shield Battery  
  120  7:38  Anion Pulse-Crystals  
  120  7:40  Probe x2  
  120  7:43  Photon Cannon  
  122  7:50  Photon Cannon  
  122  7:55  Pylon  
  122  7:56  Nexus  
  122  8:01  Stalker  
  122  8:04  Pylon  
  124  8:15  Gateway  
  124  8:17  Gateway  
  124  8:19  Photon Cannon x2  
  124  8:20  Twilight Council  
  124  8:21  Shield Battery  
  124  8:28  Stalker x3  
  124  8:30  Zealot  
  132  8:34  Void Ray x2  
  137  8:52  Stargate  
  137  8:58  Stargate  
  137  8:59  Stalker x2  
  136  9:14  Stalker x4  
  138  9:17  Void Ray x2  
  138  9:22  Disruptor  
  143  9:30  Void Ray  
  143  9:34  Zealot x2  
  151  9:38  Probe  
  151  9:39  Void Ray  
  140  10:13  Stalker x6  
Tags
 
Add a new tag
Caveats
  • Supply blocks, unpowered buildings, or Contaminate may cause inaccurate times.
  • Supply counts are checked every 10 seconds.